 Dungeon Crawl Stone Soup version 0.27.1-2-g3b301248ec (webtiles) character file.

Game seed: 9524508209167198260

11472 Borgoz the Fighter (level 11, -4/73 HPs)
             Began as a Gargoyle Berserker on Sept 26, 2021.
             Was a High Priest of Trog.
             Slain by Kirke (13 damage)
             ... on level 12 of the Dungeon.
             The game lasted 00:14:22 (10639 turns).

Borgoz the Fighter (Gargoyle Berserker)            Turns: 10639, Time: 00:14:22

Health: -4/73      AC:  0    Str: 21    XL:     11   Next: 78%
Magic:  11/11      EV: 17    Int:  8    God:    Trog [*****.]
Gold:   676        SH:  0    Dex: 12    Spells: 10/10 levels left

rFire    . . .     SeeInvis .   (weapon currently unavailable)
rCold    . . .     Faith    +   (shield currently unavailable)
rNeg     + . .     Spirit   .   (armour currently unavailable)
rPois    ∞         Reflect  .   (helmet currently unavailable)
rElec    .         Harm     .   (cloak currently unavailable)
rCorr    .         Rampage  .   (gloves currently unavailable)
Will     .....                  (boots currently unavailable)
Stlth    +.........             w - amulet of faith
HPRegen  0.22/turn              (ring currently unavailable)
MPRegen  0.12/turn              (ring currently unavailable)

@: pig-form, on berserk cooldown, slowed
A: fast, no casting, sickness immunity, AC +8, small, negative energy resistance
1, (electricity resistance), torment resistance 1, petrification resistance
a: Renounce Religion, Berserk, Trog's Hand, Brothers in Arms


You were on level 12 of the Dungeon.
You worshipped Trog.
Trog was extremely pleased with you.
You were a filthy swine.
You visited 1 branch of the dungeon, and saw 12 of its levels.
You also visited: Sewer.

You collected 676 gold pieces.

Inventory:

Hand Weapons
 y - a +3 flail of electrocution (melded)
 I - a +0 dire flail of draining
Missiles
 K - a throwing net (quivered)
Armour
 e - a +0 scale mail (melded)
 g - a +0 helmet (melded)
 F - a +2 leather armour of fire resistance
 H - a +1 pair of gloves (melded)
 J - a scarf of harm (melded)
Jewellery
 c - a +4 ring of slaying (melded)
 k - a +6 ring of intelligence
 p - a +4 ring of evasion (melded)
 w - an amulet of faith (around neck)
 G - a ring of see invisible
Wands
 M - a wand of digging (9)
Scrolls
 a - a scroll of noise
 b - a scroll of fear
 f - a scroll of amnesia
 i - a scroll of torment
 j - 2 scrolls of enchant armour
 m - a scroll of blinking
 q - a scroll of immolation {unknown}
 v - a scroll of magic mapping {unknown}
 x - 2 scrolls of enchant weapon {unknown}
 A - 4 scrolls of teleportation {unknown}
 B - 2 scrolls of fog {unknown}
 C - a scroll of summoning {unknown}
Potions
 d - 3 potions of heal wounds
 l - 4 potions of flight
 n - 3 potions of cancellation {unknown}
 o - a potion of resistance
 r - 2 potions of magic {unknown}
 s - a potion of berserk rage
 u - a potion of ambrosia
 z - 5 potions of curing
 E - 2 potions of might {unknown}


   Skills:
 + Level 10.6 Fighting
 + Level 9.8 Maces & Flails
 + Level 10.2 Armour
 + Level 8.0 Dodging


You had 10 spell levels left.
You didn't know any spells.
Your spell library was empty.

Dungeon Overview and Level Annotations

Branches:
Dungeon (12/15)            Temple (0/1) D:7            Lair (0/6) D:8
    Orc (0/2) D:9           Sewer (visited)

Altars:
Makhleb
Nemelex Xobeh

Shops:
D:8 *   D:9 :

Annotations:
D:10 exclusion: ice statue
D:12 Kirke


Innate Abilities, Weirdness & Mutations

You are a filthy swine.
You move quickly.
Your equipment is almost entirely melded.
You are incapable of wielding weapons or throwing items.
You cannot cast spells.
You are immune to sickness and miasma.
((Your stone body is resilient. (AC +8)))
You are immune to poison.
You resist negative energy. (rN+)
((You are resistant to electric shocks. (rElec)))
You are resistant to unholy torment.
You are immune to petrification.


Message History

Lightning courses through the komodo dragon!
The komodo dragon is severely wounded.
Two slime creatures merge to form an enormous slime creature.
Something barely misses you.
You thump the komodo dragon!
You kill the komodo dragon!
Trog accepts your kill.
Your Dodging skill increases to level 8!
You sock the hog!
The hog is heavily wounded.
Something hits you but does no damage. The hog closely misses you.
You bludgeon the hog!!
You kill the hog!
Trog accepts your kill.
You are no longer berserk.
You are exhausted.
You feel yourself slow down. Something barely misses you.
You closely miss the hog. The hog barely misses you.
You hear some strange, mumbled words.
You turn into a filthy swine.
Your +3 flail of electrocution melds into your body.
Your scarf of harm melds into your body.
Your +0 helmet melds into your body.
Your +1 pair of gloves melds into your body.
Your +0 scale mail melds into your body.
Your +4 ring of slaying melds into your body.
Your +4 ring of evasion melds into your body.
Your +3 flail of electrocution stops crackling.
The hog bites you!
You hit the hog.
The hog is lightly wounded.
The hog misses you. Something hits you.
You hit the hog but do no damage.
The hog is lightly wounded.
The hog bites you! Something hits you.
* * * LOW HITPOINT WARNING * * *
The hog closely misses you. Something hits you!
* * * LOW HITPOINT WARNING * * *
Something hits you!
You die...

#.# #.# #.#
... . #.# ...
#.#
....g##{####
...9g.Jhh†<#
....g##.###..#
... #.# .....
. #.# ..#....
##. #.# ..# #
.. .# #.. # ..


You could see an enormous slime creature, a hog, a gargoyle and 3 goblins.

Vanquished Creatures
  A hydra (D:11)
  2 two-headed ogres
  A centaur warrior (D:10)
  Pikel (D:6)
  A deep elf pyromancer (D:10)
  A komodo dragon (D:12)
  An ice devil (D:10)
  A troll (D:10)
  A hornet (D:11)
  A vampire (D:12)
  Sigmund (D:2)
  3 hogs (D:12)
  10 yaks
  A wraith (D:9)
  2 steam dragons
  Menkaure (D:7)
  An acid dragon (D:11)
  Duvessa (D:6)
  2 orc warriors
  Purgy (Sewer)
  3 ice beasts
  3 sky beasts
  A black bear (D:6)
  2 ogres
  8 centaurs
  4 kobold brigands
  6 bullfrogs
  A gnoll sergeant (D:8)
  A scorpion (D:5)
  Dowan (D:6)
  9 wights
  2 howler monkeys
  2 hounds
  A jelly (D:6)
  Crazy Yiuf (D:4)
  3 centaur zombies
  A bullfrog skeleton (D:5)
  2 orc priests
  A gnoll shaman (D:7)
  8 orc wizards
  3 hound skeletons
  A howler monkey zombie (D:8)
  8 gnolls
  9 adders
  A shadow imp (D:5)
  A white imp (D:5)
  5 ufetubi
  2 adder skeletons
  A worm (D:4)
  2 dart slugs (D:3)
  16 orcs
  6 ball pythons
  9 endoplasms
  3 giant cockroaches (D:1)
  7 hobgoblins
  A quokka (D:4)
  10 bats
  4 frilled lizards
  10 goblins
  30 kobolds
  5 rats
228 creatures vanquished.

Vanquished Creatures (others)
  An unseen horror (D:11)
  6 fungi (D:8)
  6 plants (D:8)
13 creatures vanquished.

Grand Total: 241 creatures vanquished

Notes
Turn   | Place    | Note
-------+----------+-------------------------------------------
     0 | D:1      | Borgoz the Gargoyle Berserker began the quest for the Orb.
     0 | D:1      | Reached XP level 1. HP: 14/14 MP: 1/1
   238 | D:1      | Reached XP level 2. HP: 18/19 MP: 2/2
   639 | D:1      | Reached XP level 3. HP: 23/23 MP: 3/3
   959 | D:2      | Noticed Sigmund
  1035 | D:2      | Reached ** piety under Trog
  1348 | D:2      | Reached XP level 4. HP: 29/29 MP: 4/4
  1494 | D:2      | Killed Sigmund
  1495 | D:2      | Reached XP level 5. HP: 34/34 MP: 5/5
  1655 | D:3      | Reached XP level 6. HP: 35/39 MP: 6/6
  1866 | D:3      | Found a sparkling altar of Nemelex Xobeh.
  1868 | D:3      | Found a burning altar of Makhleb.
  2157 | D:3      | Found a glowing drain.
  2187 | Sewer    | Entered a sewer
  2214 | Sewer    | Noticed Purgy
  2223 | Sewer    | Killed Purgy
  2224 | Sewer    | Reached skill level 5 in Fighting
  2224 | Sewer    | Reached XP level 7. HP: 44/44 MP: 7/7
  3600 | D:4      | Found a runed translucent door.
  3601 | D:4      | Noticed Crazy Yiuf
  3607 | D:4      | Killed Crazy Yiuf
  3608 | D:4      | Reached skill level 5 in Maces & Flails
  3636 | D:5      | Entered Level 5 of the Dungeon
  3801 | D:5      | Reached skill level 5 in Armour
  3966 | D:5      | Reached *** piety under Trog
  3967 | D:5      | Reached XP level 8. HP: 49/51 MP: 8/8
  5039 | D:6      | Noticed Pikel
  5048 | D:6      | Killed Pikel
  5049 | D:6      | Reached skill level 5 in Dodging
  5049 | D:6      | Reached XP level 9. HP: 53/57 MP: 9/9
  5415 | D:6      | Noticed Dowan
  5416 | D:6      | Noticed Duvessa
  5422 | D:6      | Killed Duvessa
  5425 | D:6      | Killed Dowan
  5641 | D:7      | Noticed a two-headed ogre
  5653 | D:7      | Killed a two-headed ogre
  6181 | D:7      | Reached XP level 10. HP: 64/64 MP: 10/10
  6326 | D:7      | Found a staircase to the Ecumenical Temple.
  6435 | D:7      | Noticed Menkaure
  6439 | D:7      | Killed Menkaure
  6694 | D:8      | Reached **** piety under Trog
  7249 | D:8      | Found a staircase to the Lair.
  7647 | D:8      | Found Aguag's Elemental Accessories.
  8366 | D:9      | Reached ***** piety under Trog
  8792 | D:9      | Reached XP level 11. HP: 55/71 MP: 11/11
  8920 | D:9      | Found a staircase to the Orcish Mines.
  8988 | D:9      | Found Giem's Book Emporium.
  9052 | D:10     | Entered Level 10 of the Dungeon
  9321 | D:10     | Noticed a centaur warrior
  9330 | D:10     | Killed a centaur warrior
  9702 | D:10     | Noticed a deep elf pyromancer
  9710 | D:10     | Killed a deep elf pyromancer
  9711 | D:10     | Reached skill level 10 in Fighting
 10083 | D:10     | Received a gift from Trog
 10399 | D:11     | Noticed a two-headed ogre
 10399 | D:11     | Noticed a five-headed hydra
 10433 | D:11     | Killed a two-headed ogre
 10443 | D:11     | Killed a five-headed hydra
 10447 | D:11     | Reached skill level 10 in Armour
 10505 | D:11     | Noticed a cyclops
 10547 | D:11     | Noticed a two-headed ogre
 10560 | D:11     | Noticed a cyclops
 10565 | D:11     | HP: 2/73 [cyclops/large rock (26)]
 10619 | D:12     | Noticed Kirke
 10639 | D:12     | Slain by Kirke

Illustrated notes

Levels and vault maps discovered:
D:1:      pf_arrival_petrified_forest, layout_loops_ring,
          chequers_serial_rivers_micro_b
D:2:      minmay_door_path, layout_rooms, uniq_sigmund
D:3:      layout_rooms, jmf_multi_god_temple, portal_sewer_entry_d,
          minmay_goblin_kobold_house
D:4:      layout_loops_ring, grunt_decor_one_mirror, uniq_crazy_yiuf_cottage
D:5:      layout_cave_pods
D:6:      layout_gridville, minmay_misc_feat_tiny, uniq_pikel, uniq_duvessa
D:7:      layout_gridville, minmay_temple_entry_nine_rooms,
          kennysheep_generic_room_16, uniq_menkaure
D:8:      layout_gridville, dpeg_oklobed_lair, nicolae_elemental_shop,
          grunt_ogre_cave, chequers_jeans, kennysheep_generic_room_8
D:9:      layout_roguey, orc_0_dummy, serial_shops, kennysheep_mini_moat
D:10:     cheibrodos_frozen_isle, layout_loops_corners, serial_bayou_crossing
D:11:     minmay_four_partial_circles, layout_loops_corners
D:12:     layout_loops_ring, enter_bailey_5, serial_shops, kennysheep_mini,
          uniq_frances, uniq_jorgrun, uniq_kirke

Skill      XL: |  1  2  3  4  5  6  7  8  9 10 11 |
---------------+----------------------------------+-----
Dodging        | 2 3 4 5 6 7 8 |  8.0
Fighting       | 4 5 7 8 9 10 | 10.6
Maces & Flails | 4 5 6 7 8 9 |  9.8
Armour         | 3 4 5 6 7 9 10 | 10.2

Action                   |  1- 3 |  4- 6 |  7- 9 | 10-12 || total
-------------------------+-------+-------+-------+-------++-------
Melee: Mace              |    86 |    40 |       |       ||   126
       Flail             |       |    72 |   278 |   370 ||   720
       Unarmed           |       |       |       |     2 ||     2
Invok: Berserk           |       |     2 |     5 |     8 ||    15
       Trog's Hand       |       |     2 |     1 |     5 ||     8
Evoke: Wand              |       |       |     1 |    27 ||    28
  Use: Scroll            |       |       |     6 |    11 ||    17
       Potion            |       |       |       |     1 ||     1
Armor: Animal skin       |    23 |       |       |       ||    23
       Scale mail        |    27 |    82 |   173 |   182 ||   464
Dodge: Dodged            |    63 |   104 |   283 |   319 ||   769
